 Dungeon Crawl Stone Soup version 0.17-a0-1115-g0372368 (console) character file.

912 Monkaria the Slasher (level 7, 0/84 HPs)
             Began as a Demonspawn Chaos Knight on May 23, 2015.
             Slain by a worker ant (4 damage)
             ... on level 4 of the Dungeon.
             The game lasted 00:07:15 (4552 turns).

Monkaria the Slasher (Demonspawn Chaos Knight)      Turns: 4552, Time: 00:07:16

Health: 0/84       AC: 23    Str: 14    XL:     7   Next: 82%
Magic:  7/7        EV:  2    Int: 13    God:    Xom [*.....]
Gold:   205        SH:  0    Dex: 13    Spells: 0 memorised, 6 levels left

rFire  . . .     SeeInvis .     a - +0 falchion (chaos)
rCold  . . .     Clarity  .     (armour currently unavailable)
rNeg   + + +     SustAt   .     (no shield)
rPois  +         Gourm    .     (helmet currently unavailable)
rElec  .         Spirit   .     (cloak currently unavailable)
rCorr  .         Warding  .     (gloves currently unavailable)
rMut   .         NoTele   +     (boots currently unavailable)
MR     .....                    (no amulet)
Stlth  +.........               (no ring)
                                (no ring)

@: lethally poisoned (0 -> -17), tree-form, not resistant to hostile
enchantments, very unstealthy
A: (horns 0), (fire resistance 0)
a: Renounce Religion


You were on level 4 of the Dungeon.
You worshipped Xom.
You were a special plaything of Xom.
You were hungry.
You were a tree.
You visited 1 branch of the dungeon, and saw 4 of its levels.

You collected 205 gold pieces.

Inventory:

Hand weapons
 a - a +0 falchion of chaos (weapon)
 d - a +0 blowgun
Missiles
 i - 6 poisoned needles
 s - 6 tomahawks of dispersal (quivered)
Armour
 b - a cursed +2 leather armour (melded)
 f - a +0 pair of gloves (melded)
Magical devices
 j - a wand of random effects (21)
Scrolls
 g - 3 scrolls of teleportation
 h - a scroll of enchant armour
 o - 2 scrolls of magic mapping {unknown}
 p - a scroll of enchant weapon {unknown}
 q - a scroll of identify
 r - a scroll of random uselessness {unknown}
Potions
 e - 2 potions of haste
 k - a potion of magic {unknown}
 m - a potion of flight
Comestibles
 c - 4 bread rations
 n - 2 meat rations


   Skills:
 - Level 5.2 Fighting
 + Level 7.7 Long Blades
 - Level 1.7 Armour
 - Level 0.8 Dodging


You had 6 spell levels left.
You didn't know any spells.

Dungeon Overview and Level Annotations

Branches:
Dungeon (4/15)
 Temple: D:4-7

Altars:
Dithmenos
Sif Muna
Trog
Xom
The Shining One


Innate Abilities, Weirdness & Mutations

((You have a pair of horns on your head.))
((Your flesh is heat resistant.))


Message History

You feel sick. The worker ant bites you!
* * * LOW HITPOINT WARNING * * *
You hit the worker ant but do no damage.
The worker ant is severely wounded.
* * * LOW HITPOINT WARNING * * *
You feel sick. The worker ant barely misses you. The worker ant bites you!
* * * LOW HITPOINT WARNING * * *
You are more poisoned.
The worker ant poisons you!
Drink which item? (? for menu, Esc to quit)
You turn into a tree.
Your +0 pair of gloves melds into your body.
Your cursed +2 leather armour melds into your body.
Your roots penetrate the ground.
* * * LOW HITPOINT WARNING * * *
You feel sick.
The worker ant bites you but does no damage.
The worker ant bites you.
You die... "Huh?
Did I miss anything?"

#.# #.# #. #.########.# ##
##.#........#### ###
#.......#####... ##.##
#..#.##.### #.## ....#########
#.........###.# ............#
#[##........#.#
#...#######.######.#####.#.....#
...## #.....♣a.#####.###.### ##.#
#.####.........##...# ##.#
#.####..#########...# ...#
#.##....# #...#
###########.##.#.## #...#
...##............# #...###
#..##.......##.### #######......
#..##..<....##.######..<.........
#..##............................


You could see a worker ant (berserk).

Vanquished Creatures
  Grinder (D:3)
  Sigmund (D:3)
  A phantom (D:4)
  A black bear (D:4)
  An ogre (D:4)
  A scorpion (D:4)
  A hound (D:4)
  Natasha (thrice) (D:4)
  A worker ant (D:4)
  Robin (D:2)
  4 adders
  2 oozes (D:3)
  5 worms
  6 orcs (D:3)
  2 ball pythons
  14 bats
  A bat skeleton (D:4)
  3 giant cockroaches
  14 goblins
  14 hobgoblins
  8 jackals
  11 kobolds
  A quokka (D:4)
  7 giant newts
  11 rats
115 creatures vanquished.

Vanquished Creatures (collateral kills)
  A goblin (D:2)
1 creature vanquished.

Grand Total: 116 creatures vanquished

Notes
Turn   | Place    | Note
--------------------------------------------------------------
     0 | D:1      | Monkaria the Demonspawn Chaos Knight began the quest for the Orb.
     0 | D:1      | Reached XP level 1. HP: 18/18 MP: 1/1
   130 | D:1      | XOM: potion effect (berserk rage)
   141 | D:1      | Gained mutation: Your flesh is heat resistant. [demonic ancestry]
   141 | D:1      | Reached XP level 2. HP: 24/24 MP: 2/2
   552 | D:2      | Reached skill level 4 in Fighting
   568 | D:2      | Noticed Robin
   583 | D:2      | XOM: potion effect (agility)
   601 | D:2      | Gained mutation: You have a pair of small horns on your head. [demonic ancestry]
   601 | D:2      | Reached XP level 3. HP: 27/30 MP: 3/3
   611 | D:2      | XOM: chaos cloud
   617 | D:2      | Paralysed by you for 6 turns
   622 | D:2      | XOM: confuse monster(s)
   628 | D:2      | Killed Robin
   752 | D:2      | XOM: harmless Conj miscast
   794 | D:2      | Found a shimmering altar of Xom.
   794 | D:2      | Found a shimmering altar of Xom.
   794 | D:2      | Found a shimmering altar of Xom.
   986 | D:1      | XOM: colour smoke trail
  1018 | D:2      | Gained mutation: You have a pair of horns on your head. [demonic ancestry]
  1018 | D:2      | Reached XP level 4. HP: 29/38 MP: 4/4
  1094 | D:2      | XOM: blink monster(s)
  1392 | D:2      | XOM: colour smoke trail
  1414 | D:2      | XOM: noise
  1530 | D:2      | Found a bloodstained altar of Trog.
  1637 | D:2      | Found a glowing golden altar of the Shining One.
  1808 | D:3      | Noticed Grinder
  1822 | D:3      | Noticed Sigmund
  1830 | D:3      | Paralysed by Grinder for 3 turns
  1832 | D:3      | XOM: summons 2 hostile demons
  1833 | D:3      | Noticed a chaos spawn
  1836 | D:3      | XOM: enchant monster (bad)
  1923 | D:3      | XOM: summons 3 hostile shadow creatures
  2292 | D:3      | Paralysed by Grinder for 4 turns
  2307 | D:3      | Paralysed by Grinder for 4 turns
  2309 | D:3      | XOM: confuse monster(s)
  2310 | D:3      | XOM: cast spell 'Summon Butterflies'
  2311 | D:3      | XOM: enchant monster (good)
  2323 | D:3      | Killed Grinder
  2323 | D:3      | Reached skill level 5 in Long Blades
  2323 | D:3      | Reached XP level 5. HP: 43/43 MP: 5/5
  2323 | D:3      | Reached XP level 6. HP: 49/49 MP: 6/6
  2503 | D:3      | XOM: smoke on damage
  2633 | D:3      | XOM: harmless Fire miscast
  2655 | D:3      | XOM: silly message
  2668 | D:3      | Killed Sigmund
  2668 | D:3      | Reached skill level 6 in Long Blades
  3186 | D:3      | XOM: smoke on damage
  3311 | D:4      | Noticed Natasha
  3319 | D:4      | XOM: summons friendly crimson imp
  3320 | D:4      | Killed Natasha
  3345 | D:4      | Noticed Natasha
  3353 | D:4      | Killed Natasha
  3353 | D:4      | Reached XP level 7. HP: 37/55 MP: 7/7
  3394 | D:4      | XOM: harmless Chrm miscast
  3404 | D:4      | Found a shadowy altar of Dithmenos.
  3427 | D:4      | Reached skill level 5 in Fighting
  3540 | D:4      | XOM: polymorph crimson imp -> iron imp
  3717 | D:4      | XOM: god gift: 15 gold pieces
  3870 | D:4      | XOM: medium Hex miscast
  3885 | D:4      | Reached skill level 7 in Long Blades
  3903 | D:4      | XOM: medium Air miscast
  4051 | D:4      | Noticed Natasha
  4061 | D:4      | Killed Natasha
  4201 | D:4      | XOM: silly message
  4353 | D:4      | Found a deep blue altar of Sif Muna.
  4547 | D:4      | XOM: noise
  4552 | D:4      | HP: 4/84 [poisoned by a worker ant]
  4552 | D:4      | Slain by a worker ant

Vault maps used:
D:1:      eino_arrival_tree_alley, minmay_misc_feat_pillars,
          columned_hall_lemuel
D:2:      lemuel_crystal_altar, lightli_temple_of_fire, xom_redecorated,
          kennysheep_generic_room_11, uniq_robin
D:3:      uniq_grinder, uniq_sigmund
D:4:      kennysheep_little_box, first_bread,
          nicolae_dithmenos_through_a_glass_darkly, uniq_natasha

Action                   |  1- 3 |  4- 6 |  7- 9 || total
-------------------------+-------+-------+-------++-------
Melee: Falchion          |   140 |   154 |   110 ||   404
  Use: Potion            |       |     6 |     3 ||     9
       Scroll            |       |     3 |       ||     3
 Stab: Confused          |       |     1 |       ||     1
       Petrifying        |       |     1 |       ||     1
       Paralysed         |       |       |     1 ||     1
  Eat: Chunk             |     1 |     4 |     3 ||     8
       Meat ration       |       |     1 |       ||     1
